Sharks vs Avalanche

Created - 11 janvier 2018 at 19:25

Goals
1 2 3 T
Sharks 2 2 2 6
Avalanche 0 2 1 3
Shots
1 2 3 T
Sharks 16 19 11 46
Avalanche 9 14 16 39

1st period

1. Sharks , Boone Jenner 7 (Jonathan Huberdeau 16, Justin Braun 12) at 1:03
2. Sharks , Dylan Larkin 7 (Patric Hornqvist 12, Teuvo Teravainen 11) at 2:48

Penalties :
Braydon Coburn (SJS) for Hooking (Minor) at 18:57

2nd period

3. Sharks , Kenny Agostino 4 (Alex Pietrangelo 20, Braydon Coburn 11) at 2:32
4. Avalanche , Johnny Gaudreau 14 (Mattias Ekholm 14) at 17:23
5. Avalanche , Jakob Silfverberg 14 (Mark Giordano 11, Cory Schneider) at 17:51 (PP)
6. Sharks , Patric Hornqvist 15 (Dylan Larkin 16, Justin Braun 13) at 19:45

Penalties :
Gabriel Landeskog (SJS) for Roughing (Minor) at 17:37

3rd period

7. Sharks , Kenny Agostino 5 (Tyson Barrie 14) at 3:08
8. Avalanche , Zack Smith 5 (Micheal Ferland 5, Cory Schneider) at 4:36
9. Sharks , Alex Pietrangelo 3 (Mikkel Boedker 7, Jonathan Huberdeau 17) at 7:07

Penalties :
No Penalty

Goalie Stats

Jake Allen (SJS), 36 saves from 39 shots - (0,923), W, 16-7-1, 60:00 minutes
Cory Schneider (COL), 40 saves from 46 shots - (0,870), L, 15-7-7, 60:00 minutes

Players Stats for Sharks

Player Name              G  A  P  +/- PIM S  H  SB GA TA FO     MP     PP MP  PK MP  
------------------------------------------------------------------------------------
Alex Pietrangelo         1  1  2   1  0   1  1  1  0  2  0/0    21:48   0:00   1:16 
Boone Jenner             1  0  1   2  0   1  2  0  0  2  3/13   13:59   0:00   0:41 
Braydon Coburn           0  1  1   1  2   1  1  2  0  2  0/0    20:57   0:00   0:14 
Colton Sceviour          0  0  0   2  0   2  0  0  0  0  3/8    10:19   0:00   1:32 
Dylan Larkin             1  1  2   0  0   2  0  0  0  0  8/18   17:12   0:00   0:00 
Gabriel Landeskog        0  0  0   0  2   0  1  0  0  0  0/0    18:29   0:00   0:00 
Jonathan Drouin          0  0  0   0  0   3  0  0  1  0  1/2    18:30   0:00   0:00 
Jonathan Huberdeau       0  2  2   2  0   4  0  0  1  0  0/0    13:18   0:00   0:00 
Justin Braun             0  2  2   3  0   0  1  2  0  3  0/0    20:39   0:00   0:57 
Kenny Agostino           2  0  2   2  0   4  2  0  1  0  0/0    10:19   0:00   1:32 
Mark Borowiecki          0  0  0   0  0   1  3  1  0  1  0/0    18:35   0:00   1:02 
Mikkel Boedker           0  1  1   2  0   3  0  0  1  0  0/0    13:18   0:00   0:00 
Patric Hornqvist         1  1  2   0  0   7  2  0  1  0  0/0    17:12   0:00   0:00 
Sidney Crosby            0  0  0   0  0   6  0  1  0  0  8/21   18:30   0:00   0:00 
Steve Bernier            0  0  0   2  0   1  0  0  0  0  0/0     9:16   0:00   0:41 
Teuvo Teravainen         0  1  1   0  0   6  0  0  1  0  1/1    17:12   0:00   0:00 
Tyson Barrie             0  1  1   3  0   2  1  0  0  1  0/0    20:39   0:00   0:57 
Zach Werenski            0  0  0   0  0   2  0  3  2  0  0/0    17:33   0:00   0:00 

Players Stats for Avalanche

Player Name              G  A  P  +/- PIM S  H  SB GA TA FO     MP     PP MP  PK MP  
------------------------------------------------------------------------------------
Adam Larsson             0  0  0  -4  0   1  0  0  0  1  0/0    24:17   1:57   0:00 
Aleksander Barkov        0  0  0  -1  0   7  2  0  1  0  21/33  22:08   1:20   0:00 
Alex Chiasson            0  0  0   0  0   0  0  0  0  0  0/0     7:08   0:00   0:00 
Chris Stewart            0  0  0   0  0   1  0  0  1  0  0/0     7:08   0:00   0:00 
Fedor Tyutin             0  0  0   1  0   0  1  1  0  2  0/0    14:07   0:00   0:00 
Jaccob Slavin            0  0  0  -1  0   2  0  0  0  0  0/0    17:13   0:16   0:00 
Jakob Silfverberg        1  0  1  -2  0   7  0  0  1  0  0/1    14:29   1:20   0:00 
Johnny Gaudreau          1  0  1  -1  0   3  0  0  2  0  0/1    17:35   0:53   0:00 
Mark Giordano            0  1  1  -4  0   0  2  1  1  2  0/0    28:40   1:57   0:00 
Mark Stone               0  0  0  -1  0   2  1  0  1  0  0/2    17:35   0:53   0:00 
Mark Stuart              0  0  0   1  0   1  0  1  0  0  0/0    14:07   0:00   0:00 
Mattias Ekholm           0  1  1  -1  0   1  3  1  0  1  0/0    21:36   0:16   0:00 
Micheal Ferland          0  1  1  -2  0   0  2  0  0  0  1/1    13:09   0:00   0:00 
Nikita Kucherov          0  0  0  -1  0   5  2  0  1  1  1/4    22:08   1:20   0:00 
Pavel Buchnevich         0  0  0  -1  0   2  0  0  0  1  1/1    20:48   0:00   0:00 
Sam Bennett              0  0  0   0  0   1  0  0  3  0  1/1     7:08   0:00   0:00 
Sean Couturier           0  0  0  -1  0   1  1  0  0  0  10/13  17:35   0:53   0:00 
Zack Smith               1  0  1  -2  0   5  0  1  0  0  4/6    13:09   0:00   0:00 

3 Stars

1 - Kenny Agostino (SJS)
2 - Justin Braun (SJS)
3 - Alex Pietrangelo (SJS)

Power Play

Sharks - 0 on 0 Attempt(s) - 0,00%
Avalanche - 1 on 2 Attempt(s) - 50,00%

Penalty Kill

Sharks - 1 on 2 Attempt(s) - 50,00% - Score 0 goal in Penalty Kill
Avalanche - 0 on 0 Attempt(s) - 0,00% - Score 0 goal in Penalty Kill

Team Stat

Sharks - Hits : 14 - Faceoff Wins : 24 - Blocked Shots : 10 - Penalty Minutes : 4
Avalanche - Hits : 14 - Faceoff Wins : 39 - Blocked Shots : 5 - Penalty Minutes : 0

Official

Referees : Kelly Sutherland and Brad Meier
Linesman : Brad Lazarowich and Derek Nansen

Game Notes

No Game Note

Finance

Level 1 -- Attendance: 5194 (86,57%) -- Ticket Income 519 400 $
Level 2 -- Attendance: 3682 (73,64%) -- Ticket Income 257 740 $
Level 3 -- Attendance: 1224 (61,20%) -- Ticket Income 57 528 $
Level 4 -- Attendance: 2099 (52,48%) -- Ticket Income 73 465 $
Luxury Box -- Attendance: 900 (90,00%) -- Ticket Income 144 000 $
Game was played at the Pepsi Center.
Total Attendance: 13099 (72,77%)
Total Ticket Income: 1 052 133 $
Other Income: 515 545 $
Total Income: 1 567 678 $

Sharks

5 vs 5 Forward 
   Center                   Left Wing                Right Wing               Time % Phy DF OF 
 1 Sidney Crosby            Gabriel Landeskog        Jonathan Drouin          36     0   1  4  
 2 Dylan Larkin             Patric Hornqvist         Teuvo Teravainen         34     0   1  4  
 3 Boone Jenner             Jonathan Huberdeau       Mikkel Boedker           25     0   1  4  
 4 Colton Sceviour          Kenny Agostino           Steve Bernier            5      0   1  4  

5 vs 5 Defense 
   Defense                  Defense                                           Time % Phy DF OF 
 1 Alex Pietrangelo         Braydon Coburn                                    36     0   1  4  
 2 Justin Braun             Tyson Barrie                                      34     0   1  4  
 3 Zach Werenski            Mark Borowiecki                                   30     0   1  4  
 4 Alex Pietrangelo         Braydon Coburn                                    0      0   1  4  

PowerPlay Forward 
   Center                   Left Wing                Right Wing               Time % Phy DF OF 
 1 Sidney Crosby            Jonathan Huberdeau       Patric Hornqvist         55     0   1  4  
 2 Dylan Larkin             Jonathan Drouin          Gabriel Landeskog        45     0   1  4  

PowerPlay Defense
   Defense                  Defense                                           Time % Phy DF OF 
 1 Alex Pietrangelo         Braydon Coburn                                    55     0   1  4  
 2 Justin Braun             Tyson Barrie                                      45     0   1  4  

Penalty Kill 4 Players Forward 
   Center                   Wing                     Time % Phy DF OF 
 1 Colton Sceviour          Kenny Agostino           55     0   5  0  
 2 Boone Jenner             Steve Bernier            45     0   5  0  

Penalty Kill 4 Players Defense
   Defense                  Defense                  Time % Phy DF OF 
 1 Alex Pietrangelo         Braydon Coburn           55     0   5  0  
 2 Justin Braun             Tyson Barrie             45     0   5  0  

Penalty Kill - 3 Players Forward 
   Forward                                           Time % Phy DF OF 
 1 Colton Sceviour                                   55     1   4  0  
 2 Steve Bernier                                     45     1   4  0  

Penalty Kill - 3 Players Defense
   Defense                  Defense                  Time % Phy DF OF 
 1 Mark Borowiecki          Braydon Coburn           55     1   4  0  
 2 Justin Braun             Tyson Barrie             45     1   4  0  

4 vs 4 Forward 
   Center                   Wing                     Time % Phy DF OF 
 1 Dylan Larkin             Jonathan Drouin          55     1   2  2  
 2 Colton Sceviour          Steve Bernier            45     1   2  2  

4 vs 4 Defense
   Defense                  Defense                  Time % Phy DF OF 
 1 Alex Pietrangelo         Braydon Coburn           55     1   2  2  
 2 Justin Braun             Tyson Barrie             45     1   2  2  

Last Minutes Offensive
   Center                   Left Wing                Right Wing               Defense                  Defense                  
   Sidney Crosby            Gabriel Landeskog        Jonathan Drouin          Justin Braun             Alex Pietrangelo         

Last Minutes Defensive
   Center                   Left Wing                Right Wing               Defense                  Defense                  
   Sidney Crosby            Gabriel Landeskog        Jonathan Drouin          Justin Braun             Alex Pietrangelo         

Goaltenders
Starting : Jake Allen               
Backup : Joonas Korpisalo         

Extra Forwards
Normal : Boone Jenner, Dylan Larkin, Mikkel Boedker - PP : Boone Jenner, Dylan Larkin - PK : Mikkel Boedker
Extra Defensemen
Normal : Zach Werenski, Mark Borowiecki, Justin Braun - PP : Zach Werenski - PK : Mark Borowiecki, Justin Braun
Penalty Shots
Sidney Crosby, Gabriel Landeskog, Jonathan Huberdeau, Jonathan Drouin, Patric Hornqvist
Custom OT Lines Forwards
Sidney Crosby, Gabriel Landeskog, Jonathan Huberdeau, Jonathan Drouin, Patric Hornqvist, Boone Jenner, Teuvo Teravainen, Dylan Larkin, Mikkel Boedker, Colton Sceviour
Custom OT Lines Defensemen
Justin Braun, Braydon Coburn, Tyson Barrie, Mark Borowiecki, Zach Werenski

Scratches
Alexey Marchenko (Healthy), Matt Martin (Healthy), Brian Gibbons (Healthy)

Avalanche

5 vs 5 Forward 
   Center                   Left Wing                Right Wing               Time % Phy DF OF 
 1 Aleksander Barkov        Pavel Buchnevich         Nikita Kucherov          40     0   2  3  
 2 Sean Couturier           Johnny Gaudreau          Mark Stone               30     0   2  3  
 3 Zack Smith               Jakob Silfverberg        Micheal Ferland          20     0   2  3  
 4 Sam Bennett              Alex Chiasson            Chris Stewart            10     0   3  2  

5 vs 5 Defense 
   Defense                  Defense                                           Time % Phy DF OF 
 1 Adam Larsson             Mark Giordano                                     40     0   3  2  
 2 Jaccob Slavin            Mattias Ekholm                                    30     0   3  2  
 3 Mark Stuart              Fedor Tyutin                                      20     0   3  2  
 4 Mark Giordano            Mattias Ekholm                                    10     0   3  2  

PowerPlay Forward 
   Center                   Left Wing                Right Wing               Time % Phy DF OF 
 1 Aleksander Barkov        Jakob Silfverberg        Nikita Kucherov          60     0   1  4  
 2 Sean Couturier           Johnny Gaudreau          Mark Stone               40     0   1  4  

PowerPlay Defense
   Defense                  Defense                                           Time % Phy DF OF 
 1 Mark Giordano            Adam Larsson                                      60     0   2  3  
 2 Jaccob Slavin            Mattias Ekholm                                    40     0   2  3  

Penalty Kill 4 Players Forward 
   Center                   Wing                     Time % Phy DF OF 
 1 Sean Couturier           Jakob Silfverberg        60     0   3  2  
 2 Aleksander Barkov        Zack Smith               40     0   3  2  

Penalty Kill 4 Players Defense
   Defense                  Defense                  Time % Phy DF OF 
 1 Adam Larsson             Mattias Ekholm           60     0   3  2  
 2 Mark Giordano            Mark Stuart              40     0   3  2  

Penalty Kill - 3 Players Forward 
   Forward                                           Time % Phy DF OF 
 1 Zack Smith                                        60     0   3  2  
 2 Sean Couturier                                    40     0   3  2  

Penalty Kill - 3 Players Defense
   Defense                  Defense                  Time % Phy DF OF 
 1 Adam Larsson             Mattias Ekholm           60     0   3  2  
 2 Mark Giordano            Mark Stuart              40     0   3  2  

4 vs 4 Forward 
   Center                   Wing                     Time % Phy DF OF 
 1 Sean Couturier           Nikita Kucherov          60     0   2  3  
 2 Aleksander Barkov        Jakob Silfverberg        40     0   2  3  

4 vs 4 Defense
   Defense                  Defense                  Time % Phy DF OF 
 1 Mark Giordano            Mattias Ekholm           60     0   3  2  
 2 Adam Larsson             Mark Stuart              40     0   3  2  

Last Minutes Offensive
   Center                   Left Wing                Right Wing               Defense                  Defense                  
   Sean Couturier           Nikita Kucherov          Jakob Silfverberg        Jaccob Slavin            Mattias Ekholm           

Last Minutes Defensive
   Center                   Left Wing                Right Wing               Defense                  Defense                  
   Sean Couturier           Nikita Kucherov          Jakob Silfverberg        Jaccob Slavin            Mattias Ekholm           

Goaltenders
Starting : Cory Schneider           
Backup : Troy Grosenick           

Extra Forwards
Normal : Johnny Gaudreau, Zack Smith, Sam Bennett - PP : Johnny Gaudreau, Zack Smith - PK : Sam Bennett
Extra Defensemen
Normal : Mark Giordano, Mark Stuart, Adam Larsson - PP : Mark Stuart - PK : Jaccob Slavin, Adam Larsson
Penalty Shots
Aleksander Barkov, Jakob Silfverberg, Mark Giordano, Chris Stewart, Jaccob Slavin
Custom OT Lines Forwards
Nikita Kucherov, Jakob Silfverberg, Aleksander Barkov, Mark Stone, Johnny Gaudreau, Sean Couturier, Chris Stewart, Zack Smith, Sam Bennett, Micheal Ferland
Custom OT Lines Defensemen
Jaccob Slavin, Mattias Ekholm, Adam Larsson, Mark Giordano, Mark Stuart

Scratches
Damon Severson (Healthy), Nikita Tryamkin (Healthy), Aaron Dell (Healthy)

% Time on Ice - Sharks

Lines # - Real PCT - Wanted PCT - Time Play
Normal Forward
1 - 32% - 36% - 18:42
2 - 30% - 34% - 17:12
3 - 23% - 25% - 13:18
4 - 15% - 5% - 8:35
Normal Defense
1 - 34% - 36% - 19:46
2 - 34% - 34% - 19:42
3 - 30% - 30% - 17:33
4 - 1% - 0% - 0:46
PP Forward
1 - 0% - 55%
2 - 0% - 45%
PP Defense
1 - 0% - 55%
2 - 0% - 45%
PK Forward
1 - 69% - 55% - 1:32
2 - 31% - 45% - 0:41
PK Defense
1 - 57% - 55% - 1:16
2 - 43% - 45% - 0:57
PK3 Forward
1 - 0% - 55%
2 - 0% - 45%
PK3 Defense
1 - 0% - 55%
2 - 0% - 45%
44 Forward
1 - 0% - 55%
2 - 0% - 45%
44 Defense
1 - 0% - 55%
2 - 0% - 45%
Last Minute Offensive  - 0:00
Last Minute Defensive  - 0:00
Total
Forward - 60:00
Defense - 60:00

% Time on Ice - Avalanche

Lines # - Real PCT - Wanted PCT - Time Play
Normal Forward
1 - 36% - 40% - 20:48
2 - 29% - 30% - 16:42
3 - 23% - 20% - 13:09
4 - 12% - 10% - 7:08
Normal Defense
1 - 39% - 40% - 22:20
2 - 29% - 30% - 16:57
3 - 24% - 20% - 14:07
4 - 8% - 10% - 4:23
PP Forward
1 - 60% - 60% - 1:20
2 - 40% - 40% - 0:53
PP Defense
1 - 88% - 60% - 1:57
2 - 12% - 40% - 0:16
PK Forward
1 - 0% - 60%
2 - 0% - 40%
PK Defense
1 - 0% - 60%
2 - 0% - 40%
PK3 Forward
1 - 0% - 60%
2 - 0% - 40%
PK3 Defense
1 - 0% - 60%
2 - 0% - 40%
44 Forward
1 - 0% - 60%
2 - 0% - 40%
44 Defense
1 - 0% - 60%
2 - 0% - 40%
Last Minute Offensive  - 0:00
Last Minute Defensive  - 0:00
Total
Forward - 60:00
Defense - 60:00

Play by Play

1st period


0:01 of 1st period - Aleksander Barkov wins face-off versus Jonathan Drouin in neutral zone.
0:26 of 1st period - Mark Giordano is hit by Braydon Coburn and loses puck.
0:31 of 1st period - Snap shot by Teuvo Teravainen.
0:31 of 1st period - Stopped by Cory Schneider without a rebound.
0:32 of 1st period - Zack Smith wins face-off versus Dylan Larkin in Avalanche zone.
1:03 of 1st period - Slapshot by Boone Jenner.
1:03 of 1st period - Goal by Boone Jenner - Sharks : 1 - Avalanche : 0.
1:04 of 1st period - Sean Couturier wins face-off versus Boone Jenner in neutral zone.
1:38 of 1st period - Slapshot by Aleksander Barkov.
1:38 of 1st period - Shot Misses the Net.
1:40 of 1st period - Snap shot by Mark Stuart.
1:40 of 1st period - Shot Misses the Net.
1:42 of 1st period - Snap shot by Aleksander Barkov.
1:42 of 1st period - Stopped by Jake Allen with a rebound.
2:20 of 1st period - Braydon Coburn is hit by Micheal Ferland and loses puck.
2:33 of 1st period - Alex Pietrangelo is hit by Nikita Kucherov and loses puck.
2:48 of 1st period - Snap shot by Dylan Larkin.
2:48 of 1st period - Goal by Dylan Larkin - Sharks : 2 - Avalanche : 0.
2:49 of 1st period - Sean Couturier wins face-off versus Boone Jenner in neutral zone.
3:16 of 1st period - Mattias Ekholm is hit by Justin Braun and loses puck.
4:02 of 1st period - Snap shot by Patric Hornqvist.
4:02 of 1st period - Deflect By Mark Giordano.
4:02 of 1st period - Shot Misses the Net.
4:02 of 1st period - Puck is out of play.
4:03 of 1st period - Aleksander Barkov wins face-off versus Dylan Larkin in Avalanche zone.
4:18 of 1st period - Slapshot by Aleksander Barkov.
4:18 of 1st period - Stopped by Jake Allen with a rebound.
5:02 of 1st period - Wrist shot by Zack Smith.
5:02 of 1st period - Shot Misses the Net.
5:04 of 1st period - Snap shot by Jaccob Slavin.
5:04 of 1st period - Stopped by Jake Allen without a rebound.
5:05 of 1st period - Dylan Larkin wins face-off versus Aleksander Barkov in Sharks zone.
5:12 of 1st period - Snap shot by Patric Hornqvist.
5:12 of 1st period - Stopped by Cory Schneider with a rebound.
5:30 of 1st period - Sean Couturier is hit by Boone Jenner and loses puck.
5:35 of 1st period - Slapshot by Jonathan Huberdeau.
5:35 of 1st period - Shot Misses the Net.
6:15 of 1st period - Slapshot by Zach Werenski.
6:15 of 1st period - Stopped by Cory Schneider without a rebound.
6:16 of 1st period - Aleksander Barkov wins face-off versus Colton Sceviour in Avalanche zone.
6:29 of 1st period - Snap shot by Aleksander Barkov.
6:29 of 1st period - Stopped by Jake Allen with a rebound.
6:47 of 1st period - Mark Stuart is hit by Alex Pietrangelo and loses puck.
7:28 of 1st period - Wrist shot by Micheal Ferland.
7:28 of 1st period - Shot Misses the Net.
8:17 of 1st period - Wrist shot by Sidney Crosby.
8:17 of 1st period - Stopped by Cory Schneider with a rebound.
8:23 of 1st period - Snap shot by Sean Couturier.
8:23 of 1st period - Deflect By Mark Stone.
8:23 of 1st period - Stopped by Jake Allen without a rebound.
8:24 of 1st period - Zack Smith wins face-off versus Boone Jenner in Sharks zone.
8:29 of 1st period - Wrist shot by Jakob Silfverberg.
8:29 of 1st period - Shot Misses the Net.
8:49 of 1st period - Wrist shot by Patric Hornqvist.
8:49 of 1st period - Stopped by Cory Schneider with a rebound.
8:57 of 1st period - Snap shot by Patric Hornqvist.
8:57 of 1st period - Deflect By Teuvo Teravainen.
8:57 of 1st period - Shot Misses the Net.
8:57 of 1st period - Puck is out of play.
8:58 of 1st period - Sidney Crosby wins face-off versus Aleksander Barkov in Avalanche zone.
9:01 of 1st period - Wrist shot by Jonathan Drouin.
9:01 of 1st period - Stopped by Cory Schneider without a rebound.
9:02 of 1st period - Sidney Crosby wins face-off versus Aleksander Barkov in Avalanche zone.
9:03 of 1st period - Snap shot by Jonathan Drouin.
9:03 of 1st period - Shot Hit the Post.
9:46 of 1st period - Icing by Mark Giordano.
9:47 of 1st period - Sean Couturier wins face-off versus Boone Jenner in Avalanche zone.
10:14 of 1st period - Backhand shot by Zack Smith.
10:14 of 1st period - Stopped by Jake Allen with a rebound.
10:22 of 1st period - Snap shot by Jakob Silfverberg.
10:22 of 1st period - Stopped by Jake Allen without a rebound.
10:23 of 1st period - Dylan Larkin wins face-off versus Aleksander Barkov in Sharks zone.
10:28 of 1st period - Wrist shot by Patric Hornqvist.
10:28 of 1st period - Stopped by Cory Schneider with a rebound.
10:43 of 1st period - Patric Hornqvist is hit by Aleksander Barkov.
11:01 of 1st period - Snap shot by Jonathan Drouin.
11:01 of 1st period - Shot Blocked by Mattias Ekholm.
11:03 of 1st period - Snap shot by Sidney Crosby.
11:03 of 1st period - Stopped by Cory Schneider without a rebound.
11:04 of 1st period - Boone Jenner wins face-off versus Zack Smith in Avalanche zone.
11:11 of 1st period - Snap shot by Jonathan Huberdeau.
11:11 of 1st period - Stopped by Cory Schneider with a rebound.
12:26 of 1st period - Mark Giordano is hit by Kenny Agostino.
12:36 of 1st period - Snap shot by Sidney Crosby.
12:36 of 1st period - Stopped by Cory Schneider with a rebound.
12:58 of 1st period - Snap shot by Jonathan Huberdeau.
12:58 of 1st period - Stopped by Cory Schneider with a rebound.
13:51 of 1st period - Snap shot by Kenny Agostino.
13:51 of 1st period - Stopped by Cory Schneider with a rebound.
14:17 of 1st period - Jaccob Slavin is hit by Tyson Barrie.
14:47 of 1st period - Patric Hornqvist is hit by Fedor Tyutin.
14:53 of 1st period - Snap shot by Patric Hornqvist.
14:53 of 1st period - Stopped by Cory Schneider without a rebound.
14:54 of 1st period - Dylan Larkin wins face-off versus Johnny Gaudreau in Avalanche zone.
15:09 of 1st period - Snap shot by Teuvo Teravainen.
15:09 of 1st period - Shot Misses the Net.
16:01 of 1st period - Slapshot by Zach Werenski.
16:01 of 1st period - Shot Misses the Net.
16:31 of 1st period - Snap shot by Teuvo Teravainen.
16:31 of 1st period - Shot Blocked by Fedor Tyutin.
17:37 of 1st period - Snap shot by Jakob Silfverberg.
17:37 of 1st period - Stopped by Jake Allen with a rebound.
17:39 of 1st period - Slapshot by Adam Larsson.
17:39 of 1st period - Deflect By Zack Smith.
17:39 of 1st period - Stopped by Jake Allen with a rebound.
17:53 of 1st period - Snap shot by Kenny Agostino.
17:53 of 1st period - Stopped by Cory Schneider without a rebound.
17:54 of 1st period - Sean Couturier wins face-off versus Dylan Larkin in Avalanche zone.
18:18 of 1st period - Mattias Ekholm is hit by Patric Hornqvist and loses puck.
18:41 of 1st period - Sean Couturier is hit by Patric Hornqvist and loses puck.
18:57 of 1st period - Minor Penalty to Braydon Coburn for Hooking.
18:58 of 1st period - Colton Sceviour wins face-off versus Aleksander Barkov in Sharks zone.
Goals for this period are 2 for Sharks vs 0 for Avalanche.
Shots for this period are 16 for Sharks vs 9 for Avalanche.

2nd period


0:01 of 2nd period - Aleksander Barkov wins face-off versus Colton Sceviour in neutral zone.
0:51 of 2nd period - Justin Braun is hit by Mark Giordano and loses puck.
0:57 of 2nd period - Penalty to Braydon Coburn is over, Braydon Coburn is back on ice.
1:02 of 2nd period - Wrist shot by Johnny Gaudreau.
1:02 of 2nd period - Deflect By Mark Stone.
1:02 of 2nd period - Stopped by Jake Allen with a rebound.
1:04 of 2nd period - Slapshot by Sean Couturier.
1:04 of 2nd period - Shot Misses the Net.
1:06 of 2nd period - Slapshot by Sean Couturier.
1:06 of 2nd period - Shot Misses the Net.
1:08 of 2nd period - Wrist shot by Sean Couturier.
1:08 of 2nd period - Deflect By Mark Stone.
1:08 of 2nd period - Shot Misses the Net.
1:08 of 2nd period - Puck is out of play.
1:09 of 2nd period - Aleksander Barkov wins face-off versus Sidney Crosby in Sharks zone.
2:02 of 2nd period - Snap shot by Teuvo Teravainen.
2:02 of 2nd period - Stopped by Cory Schneider with a rebound.
2:32 of 2nd period - Wrist shot by Kenny Agostino.
2:32 of 2nd period - Goal by Kenny Agostino - Sharks : 3 - Avalanche : 0.
2:33 of 2nd period - Sidney Crosby wins face-off versus Aleksander Barkov in neutral zone.
2:59 of 2nd period - Mark Borowiecki is hit by Mark Stone and loses puck.
3:04 of 2nd period - Wrist shot by Johnny Gaudreau.
3:04 of 2nd period - Shot Misses the Net.
4:03 of 2nd period - Wrist shot by Jonathan Drouin.
4:03 of 2nd period - Deflect By Nikita Kucherov.
4:03 of 2nd period - Shot Hit the Post.
4:03 of 2nd period - Puck is out of play.
4:04 of 2nd period - Sidney Crosby wins face-off versus Nikita Kucherov in Avalanche zone.
4:07 of 2nd period - Wrist shot by Jonathan Drouin.
4:07 of 2nd period - Shot Blocked by Mark Giordano.
4:25 of 2nd period - Snap shot by Sidney Crosby.
4:25 of 2nd period - Stopped by Cory Schneider with a rebound.
4:27 of 2nd period - Snap shot by Sidney Crosby.
4:27 of 2nd period - Shot Misses the Net.
4:29 of 2nd period - Snap shot by Jonathan Drouin.
4:29 of 2nd period - Shot Misses the Net.
4:31 of 2nd period - Slapshot by Braydon Coburn.
4:31 of 2nd period - Stopped by Cory Schneider with a rebound.
4:35 of 2nd period - Slapshot by Sidney Crosby.
4:35 of 2nd period - Stopped by Cory Schneider without a rebound.
4:36 of 2nd period - Sean Couturier wins face-off versus Dylan Larkin in Avalanche zone.
4:54 of 2nd period - Icing by Braydon Coburn.
4:55 of 2nd period - Dylan Larkin wins face-off versus Aleksander Barkov in Sharks zone.
4:57 of 2nd period - Icing by Braydon Coburn.
4:58 of 2nd period - Aleksander Barkov wins face-off versus Dylan Larkin in Sharks zone.
5:05 of 2nd period - Snap shot by Aleksander Barkov.
5:05 of 2nd period - Stopped by Jake Allen without a rebound.
5:06 of 2nd period - Aleksander Barkov wins face-off versus Sidney Crosby in Sharks zone.
5:07 of 2nd period - Snap shot by Nikita Kucherov.
5:07 of 2nd period - Shot Misses the Net.
5:09 of 2nd period - Slapshot by Aleksander Barkov.
5:09 of 2nd period - Deflect By Nikita Kucherov.
5:09 of 2nd period - Stopped by Jake Allen with a rebound.
5:11 of 2nd period - Snap shot by Pavel Buchnevich.
5:11 of 2nd period - Stopped by Jake Allen with a rebound.
5:30 of 2nd period - Icing by Justin Braun.
5:31 of 2nd period - Jonathan Drouin wins face-off versus Sean Couturier in Sharks zone.
5:31 of 2nd period - Jonathan Drouin is hit by Sean Couturier.
6:23 of 2nd period - Wrist shot by Sam Bennett.
6:23 of 2nd period - Shot Blocked by Justin Braun.
6:25 of 2nd period - Slapshot by Sam Bennett.
6:25 of 2nd period - Shot Misses the Net.
6:45 of 2nd period - Snap shot by Kenny Agostino.
6:45 of 2nd period - Deflect By Colton Sceviour.
6:45 of 2nd period - Shot Misses the Net.
6:45 of 2nd period - Puck is out of play.
6:46 of 2nd period - Zack Smith wins face-off versus Colton Sceviour in Avalanche zone.
7:32 of 2nd period - Snap shot by Zack Smith.
7:32 of 2nd period - Deflect By Jakob Silfverberg.
7:32 of 2nd period - Shot Misses the Net.
7:32 of 2nd period - Puck is out of play.
7:33 of 2nd period - Sidney Crosby wins face-off versus Aleksander Barkov in Sharks zone.
7:44 of 2nd period - Snap shot by Sidney Crosby.
7:44 of 2nd period - Stopped by Cory Schneider with a rebound.
7:46 of 2nd period - Slapshot by Zach Werenski.
7:46 of 2nd period - Stopped by Cory Schneider without a rebound.
7:47 of 2nd period - Aleksander Barkov wins face-off versus Boone Jenner in Avalanche zone.
7:47 of 2nd period - Aleksander Barkov is hit by Boone Jenner.
7:53 of 2nd period - Boone Jenner is hit by Aleksander Barkov and loses puck.
8:00 of 2nd period - Boone Jenner is hit by Mattias Ekholm and loses puck.
9:07 of 2nd period - Wrist shot by Chris Stewart.
9:07 of 2nd period - Shot Misses the Net.
9:39 of 2nd period - Wrist shot by Patric Hornqvist.
9:39 of 2nd period - Shot Blocked by Mark Stuart.
10:55 of 2nd period - Snap shot by Mikkel Boedker.
10:55 of 2nd period - Stopped by Cory Schneider with a rebound.
10:57 of 2nd period - Slapshot by Tyson Barrie.
10:57 of 2nd period - Stopped by Cory Schneider with a rebound.
10:59 of 2nd period - Slapshot by Tyson Barrie.
10:59 of 2nd period - Stopped by Cory Schneider without a rebound.
11:00 of 2nd period - Aleksander Barkov wins face-off versus Sidney Crosby in Avalanche zone.
11:05 of 2nd period - Wrist shot by Sidney Crosby.
11:05 of 2nd period - Deflect By Jonathan Drouin.
11:05 of 2nd period - Stopped by Cory Schneider with a rebound.
11:47 of 2nd period - Jakob Silfverberg is hit by Kenny Agostino and loses puck.
11:56 of 2nd period - Snap shot by Colton Sceviour.
11:56 of 2nd period - Stopped by Cory Schneider without a rebound.
11:57 of 2nd period - Sidney Crosby wins face-off versus Nikita Kucherov in Avalanche zone.
12:22 of 2nd period - Braydon Coburn is hit by Mattias Ekholm and loses puck.
12:47 of 2nd period - Wrist shot by Aleksander Barkov.
12:47 of 2nd period - Deflect By Nikita Kucherov.
12:47 of 2nd period - Shot Blocked by Braydon Coburn.
12:47 of 2nd period - Puck is out of play.
12:48 of 2nd period - Dylan Larkin wins face-off versus Sean Couturier in Sharks zone.
13:01 of 2nd period - Snap shot by Teuvo Teravainen.
13:01 of 2nd period - Stopped by Cory Schneider without a rebound.
13:02 of 2nd period - Boone Jenner wins face-off versus Sean Couturier in Avalanche zone.
14:08 of 2nd period - Snap shot by Sam Bennett.
14:08 of 2nd period - Stopped by Jake Allen without a rebound.
14:09 of 2nd period - Sam Bennett wins face-off versus Colton Sceviour in Sharks zone.
14:16 of 2nd period - Slapshot by Sam Bennett.
14:16 of 2nd period - Deflect By Zach Werenski.
14:16 of 2nd period - Shot Misses the Net.
14:16 of 2nd period - Puck is out of play.
14:17 of 2nd period - Aleksander Barkov wins face-off versus Dylan Larkin in Sharks zone.
14:28 of 2nd period - Snap shot by Patric Hornqvist.
14:28 of 2nd period - Shot Misses the Net.
14:30 of 2nd period - Slapshot by Zach Werenski.
14:30 of 2nd period - Shot Misses the Net.
14:32 of 2nd period - Snap shot by Patric Hornqvist.
14:32 of 2nd period - Stopped by Cory Schneider without a rebound.
14:33 of 2nd period - Boone Jenner wins face-off versus Mark Stone in Avalanche zone.
14:34 of 2nd period - Wrist shot by Jonathan Huberdeau.
14:34 of 2nd period - Stopped by Cory Schneider without a rebound.
14:35 of 2nd period - Sean Couturier wins face-off versus Boone Jenner in Avalanche zone.
14:42 of 2nd period - Snap shot by Jonathan Huberdeau.
14:42 of 2nd period - Stopped by Cory Schneider without a rebound.
14:43 of 2nd period - Sean Couturier wins face-off versus Boone Jenner in Avalanche zone.
14:58 of 2nd period - Wrist shot by Johnny Gaudreau.
14:58 of 2nd period - Stopped by Jake Allen with a rebound.
15:00 of 2nd period - Slapshot by Adam Larsson.
15:00 of 2nd period - Deflect By Jonathan Huberdeau.
15:00 of 2nd period - Stopped by Jake Allen with a rebound.
15:02 of 2nd period - Wrist shot by Mark Giordano.
15:02 of 2nd period - Shot Misses the Net.
15:10 of 2nd period - Snap shot by Sean Couturier.
15:10 of 2nd period - Shot Blocked by Braydon Coburn.
15:12 of 2nd period - Slapshot by Sean Couturier.
15:12 of 2nd period - Stopped by Jake Allen without a rebound.
15:13 of 2nd period - Aleksander Barkov wins face-off versus Dylan Larkin in Sharks zone.
15:14 of 2nd period - Snap shot by Nikita Kucherov.
15:14 of 2nd period - Shot Misses the Net.
15:26 of 2nd period - Wrist shot by Nikita Kucherov.
15:26 of 2nd period - Shot Misses the Net.
16:16 of 2nd period - Wrist shot by Johnny Gaudreau.
16:16 of 2nd period - Stopped by Jake Allen with a rebound.
16:58 of 2nd period - Snap shot by Teuvo Teravainen.
16:58 of 2nd period - Stopped by Cory Schneider with a rebound.
17:23 of 2nd period - Snap shot by Johnny Gaudreau.
17:23 of 2nd period - Goal by Johnny Gaudreau - Sharks : 3 - Avalanche : 1.
17:24 of 2nd period - Aleksander Barkov wins face-off versus Sidney Crosby in neutral zone.
17:35 of 2nd period - Snap shot by Nikita Kucherov.
17:35 of 2nd period - Stopped by Jake Allen with a rebound.
17:37 of 2nd period - Minor Penalty to Gabriel Landeskog for Roughing.
17:38 of 2nd period - Colton Sceviour wins face-off versus Jakob Silfverberg in Sharks zone.
17:51 of 2nd period - Slapshot by Jakob Silfverberg.
17:51 of 2nd period - Goal by Jakob Silfverberg - Sharks : 3 - Avalanche : 2.
17:52 of 2nd period - Sidney Crosby wins face-off versus Nikita Kucherov in neutral zone.
17:55 of 2nd period - Adam Larsson is hit by Gabriel Landeskog and loses puck.
18:10 of 2nd period - Alex Pietrangelo is hit by Nikita Kucherov and loses puck.
19:43 of 2nd period - Snap shot by Dylan Larkin.
19:43 of 2nd period - Deflect By Johnny Gaudreau.
19:43 of 2nd period - Stopped by Cory Schneider with a rebound.
19:45 of 2nd period - Wrist shot by Patric Hornqvist.
19:45 of 2nd period - Goal by Patric Hornqvist - Sharks : 4 - Avalanche : 2.
19:46 of 2nd period - Dylan Larkin wins face-off versus Aleksander Barkov in neutral zone.
19:57 of 2nd period - Snap shot by Nikita Kucherov.
19:57 of 2nd period - Stopped by Jake Allen with a rebound.
19:59 of 2nd period - Slapshot by Mattias Ekholm.
19:59 of 2nd period - Stopped by Jake Allen without a rebound.
Goals for this period are 2 for Sharks vs 2 for Avalanche.
Shots for this period are 19 for Sharks vs 14 for Avalanche.

3rd period


0:01 of 3rd period - Aleksander Barkov wins face-off versus Sidney Crosby in neutral zone.
0:05 of 3rd period - Off-side.
0:06 of 3rd period - Aleksander Barkov wins face-off versus Sidney Crosby in neutral zone.
0:08 of 3rd period - Mattias Ekholm is hit by Mark Borowiecki and loses puck.
0:17 of 3rd period - Slapshot by Aleksander Barkov.
0:17 of 3rd period - Shot Blocked by Zach Werenski.
0:21 of 3rd period - Snap shot by Nikita Kucherov.
0:21 of 3rd period - Shot Blocked by Sidney Crosby.
1:22 of 3rd period - Snap shot by Nikita Kucherov.
1:22 of 3rd period - Stopped by Jake Allen without a rebound.
1:23 of 3rd period - Aleksander Barkov wins face-off versus Sidney Crosby in Sharks zone.
1:24 of 3rd period - Snap shot by Nikita Kucherov.
1:24 of 3rd period - Shot Blocked by Alex Pietrangelo.
1:50 of 3rd period - Braydon Coburn is hit by Mark Giordano and loses puck.
1:57 of 3rd period - Snap shot by Zack Smith.
1:57 of 3rd period - Stopped by Jake Allen with a rebound.
1:59 of 3rd period - Wrist shot by Jaccob Slavin.
1:59 of 3rd period - Shot Misses the Net.
2:01 of 3rd period - Slapshot by Jaccob Slavin.
2:01 of 3rd period - Stopped by Jake Allen with a rebound.
3:00 of 3rd period - Wrist shot by Zack Smith.
3:00 of 3rd period - Shot Blocked by Justin Braun.
3:08 of 3rd period - Snap shot by Kenny Agostino.
3:08 of 3rd period - Goal by Kenny Agostino - Sharks : 5 - Avalanche : 2.
3:09 of 3rd period - Aleksander Barkov wins face-off versus Sidney Crosby in neutral zone.
3:12 of 3rd period - Snap shot by Mark Giordano.
3:12 of 3rd period - Shot Hit the Post.
3:14 of 3rd period - Slapshot by Adam Larsson.
3:14 of 3rd period - Shot Blocked by Zach Werenski.
3:16 of 3rd period - Slapshot by Aleksander Barkov.
3:16 of 3rd period - Stopped by Jake Allen with a rebound.
3:18 of 3rd period - Slapshot by Mark Giordano.
3:18 of 3rd period - Shot Blocked by Mark Borowiecki.
3:20 of 3rd period - Snap shot by Pavel Buchnevich.
3:20 of 3rd period - Stopped by Jake Allen with a rebound.
3:22 of 3rd period - Snap shot by Aleksander Barkov.
3:22 of 3rd period - Stopped by Jake Allen without a rebound.
3:23 of 3rd period - Aleksander Barkov wins face-off versus Dylan Larkin in Sharks zone.
4:36 of 3rd period - Snap shot by Zack Smith.
4:36 of 3rd period - Goal by Zack Smith - Sharks : 5 - Avalanche : 3.
4:37 of 3rd period - Aleksander Barkov wins face-off versus Dylan Larkin in neutral zone.
4:42 of 3rd period - Snap shot by Nikita Kucherov.
4:42 of 3rd period - Stopped by Jake Allen without a rebound.
4:43 of 3rd period - Dylan Larkin wins face-off versus Aleksander Barkov in Sharks zone.
5:00 of 3rd period - Mark Giordano is hit by Mark Borowiecki and loses puck.
5:41 of 3rd period - Slapshot by Mattias Ekholm.
5:41 of 3rd period - Shot Blocked by Zach Werenski.
5:55 of 3rd period - Snap shot by Patric Hornqvist.
5:55 of 3rd period - Stopped by Cory Schneider with a rebound.
6:03 of 3rd period - Pavel Buchnevich is hit by Mark Borowiecki and loses puck.
6:08 of 3rd period - Snap shot by Teuvo Teravainen.
6:08 of 3rd period - Stopped by Cory Schneider without a rebound.
6:09 of 3rd period - Sidney Crosby wins face-off versus Mark Stone in Avalanche zone.
6:38 of 3rd period - Snap shot by Jakob Silfverberg.
6:38 of 3rd period - Stopped by Jake Allen with a rebound.
6:40 of 3rd period - Slapshot by Mark Stuart.
6:40 of 3rd period - Stopped by Jake Allen without a rebound.
6:41 of 3rd period - Micheal Ferland wins face-off versus Boone Jenner in Sharks zone.
7:05 of 3rd period - Snap shot by Mikkel Boedker.
7:05 of 3rd period - Shot Blocked by Zack Smith.
7:07 of 3rd period - Snap shot by Alex Pietrangelo.
7:07 of 3rd period - Goal by Alex Pietrangelo - Sharks : 6 - Avalanche : 3.
7:08 of 3rd period - Sean Couturier wins face-off versus Sidney Crosby in neutral zone.
8:35 of 3rd period - Icing by Colton Sceviour.
8:36 of 3rd period - Sean Couturier wins face-off versus Sidney Crosby in Sharks zone.
9:09 of 3rd period - Snap shot by Aleksander Barkov.
9:09 of 3rd period - Shot Misses the Net.
9:45 of 3rd period - Snap shot by Jakob Silfverberg.
9:45 of 3rd period - Stopped by Jake Allen without a rebound.
9:46 of 3rd period - Zack Smith wins face-off versus Colton Sceviour in Sharks zone.
9:55 of 3rd period - Backhand shot by Micheal Ferland.
9:55 of 3rd period - Shot Misses the Net.
10:01 of 3rd period - Slapshot by Alex Pietrangelo.
10:01 of 3rd period - Deflect By Steve Bernier.
10:01 of 3rd period - Stopped by Cory Schneider with a rebound.
10:24 of 3rd period - Snap shot by Aleksander Barkov.
10:24 of 3rd period - Stopped by Jake Allen with a rebound.
10:44 of 3rd period - Slapshot by Sam Bennett.
10:44 of 3rd period - Deflect By Chris Stewart.
10:44 of 3rd period - Stopped by Jake Allen with a rebound.
11:04 of 3rd period - Wrist shot by Jonathan Drouin.
11:04 of 3rd period - Stopped by Cory Schneider without a rebound.
11:05 of 3rd period - Pavel Buchnevich wins face-off versus Dylan Larkin in Avalanche zone.
11:46 of 3rd period - Icing by Justin Braun.
11:47 of 3rd period - Nikita Kucherov wins face-off versus Boone Jenner in Sharks zone.
12:10 of 3rd period - Backhand shot by Mikkel Boedker.
12:10 of 3rd period - Stopped by Cory Schneider without a rebound.
12:11 of 3rd period - Sean Couturier wins face-off versus Sidney Crosby in Avalanche zone.
12:48 of 3rd period - Slapshot by Zack Smith.
12:48 of 3rd period - Stopped by Jake Allen with a rebound.
13:10 of 3rd period - Snap shot by Colton Sceviour.
13:10 of 3rd period - Stopped by Cory Schneider with a rebound.
13:17 of 3rd period - Icing by Adam Larsson.
13:18 of 3rd period - Aleksander Barkov wins face-off versus Boone Jenner in Avalanche zone.
13:27 of 3rd period - Wrist shot by Mikkel Boedker.
13:27 of 3rd period - Stopped by Cory Schneider with a rebound.
13:29 of 3rd period - Slapshot by Mark Borowiecki.
13:29 of 3rd period - Stopped by Cory Schneider with a rebound.
13:50 of 3rd period - Icing by Zach Werenski.
13:51 of 3rd period - Aleksander Barkov wins face-off versus Sidney Crosby in Sharks zone.
15:36 of 3rd period - Icing by Pavel Buchnevich.
15:37 of 3rd period - Dylan Larkin wins face-off versus Aleksander Barkov in Avalanche zone.
15:38 of 3rd period - Snap shot by Teuvo Teravainen.
15:38 of 3rd period - Stopped by Cory Schneider without a rebound.
15:39 of 3rd period - Teuvo Teravainen wins face-off versus Aleksander Barkov in Avalanche zone.
15:52 of 3rd period - Teuvo Teravainen is hit by Mattias Ekholm and loses puck.
16:59 of 3rd period - Slapshot by Jakob Silfverberg.
16:59 of 3rd period - Stopped by Jake Allen with a rebound.
19:17 of 3rd period - Snap shot by Jakob Silfverberg.
19:17 of 3rd period - Stopped by Jake Allen without a rebound.
19:18 of 3rd period - Colton Sceviour wins face-off versus Zack Smith in Sharks zone.
19:18 of 3rd period - Colton Sceviour is hit by Micheal Ferland.
19:28 of 3rd period - Wrist shot by Jakob Silfverberg.
19:28 of 3rd period - Shot Misses the Net.
19:30 of 3rd period - Slapshot by Zack Smith.
19:30 of 3rd period - Deflect By Jakob Silfverberg.
19:30 of 3rd period - Shot Misses the Net.
19:30 of 3rd period - Puck is out of play.
19:31 of 3rd period - Aleksander Barkov wins face-off versus Sidney Crosby in Sharks zone.
Goals for this period are 2 for Sharks vs 1 for Avalanche.
Shots for this period are 11 for Sharks vs 16 for Avalanche.